 Dungeon Crawl Stone Soup version 0.27.0-1-g7a089689b8 (webtiles) character file.

Game seed: 3772064313411324663

26084 ZombieSheep the Slicer (level 13, -1/108 HPs)
             Began as a Gnoll Wanderer on Aug 7, 2021.
             Was a Priest of Ashenzari.
             Slain by an elephant (4 damage)
             ... on level 3 of the Lair of Beasts.
             The game lasted 00:35:11 (17192 turns).

ZombieSheep the Slicer (Gnoll Wanderer)            Turns: 17192, Time: 00:35:11

Health: -1/108     AC: 10    Str: 20    XL:     13   Next: 23%
Magic:  27/27      EV: 16    Int: 10    God:    Ashenzari [***...]
Gold:   812        SH:  5    Dex: 14    Spells: 28/32 levels left

rFire    . . .     SeeInvis +   a - +8 rapier of the Final Chapter {vorpal, Str+4}
rCold    . . .     Faith    .   (no shield)
rNeg     . . .     Spirit   .   C - +0 acid dragon scales "Shattered Gnosis" {rCorr, Elem, Melee} (curse)
rPois    .         Reflect  +   u - +0 helmet "Enigmatic Jealousy" {Cun, Range} (curse)
rElec    .         Harm     .   (no cloak)
rCorr    +         Rampage  .   H - +0 pair of gloves "Restrained With Me" {Alch, Elem} (curse)
Will     .....     Clarity  +   (no boots)
Stlth    +++++.....             r - amulet "Profound Frustration" {Reflect SH+5, Self, Melee} (curse)
HPRegen  0.28/turn              m - ring "Per Aspera Ad Scientiam" {Fly, Bglg, Alch} (curse)
MPRegen  0.20/turn              n - ring of see invisible

@: flying
A: fangs 1, strong nose, distributed training
a: Renounce Religion, Curse Item, Shatter the Chains


You were on level 3 of the Lair of Beasts.
You worshipped Ashenzari.
Ashenzari was most pleased with you.
You visited 2 branches of the dungeon, and saw 13 of its levels.
You also visited: Ossuary.

You collected 952 gold pieces.
You spent 140 gold pieces at shops.

Inventory:

Hand Weapons
 a - the +8 rapier of the Final Chapter (weapon) {vorpal, Str+4}
   (You acquired it on level 2 of the Dungeon)

   It inflicts extra damage upon your enemies.
   Str:       It affects your strength (+4).
 b - a +0 shortbow
 o - a +2 dagger
 A - a +4 trident of protection
 E - a +2 dagger of holy wrath
Missiles
 G - 144 arrows
 M - 10 throwing nets (quivered)
 T - 3 silver javelins
Armour
 i - a +0 chain mail
 j - a +2 kite shield
 u - the cursed +0 helmet "Enigmatic Jealousy" (worn) {Cun, Range}
   (You found it on level 3 of the Dungeon)

   It has a curse which improves the following skills: Cunning: Dodging and
   Stealth.
   Ranged Combat: Slings, Bows, Crossbows and Throwing.
 z - a +0 plate armour
 C - the cursed +0 acid dragon scales "Shattered Gnosis" (worn) {rCorr, Elem, Melee}
   (You found it on level 6 of the Dungeon)

   rCorr:     It protects you from acid and corrosion.
   It has a curse which improves the following skills: Elements: Fire Magic, Ice
   Magic, Air Magic and Earth Magic.
   Melee Combat: Short Blades, Long Blades, Axes, Maces & Flails, Polearms,
   Staves and Unarmed Combat.
 H - the cursed +0 pair of gloves "Restrained With Me" (worn) {Alch, Elem}
   (You found it on level 8 of the Dungeon)

   It has a curse which improves the following skills: Alchemy: Poison Magic and
   Transmutations.
   Elements:  Fire Magic, Ice Magic, Air Magic and Earth Magic.
 N - +0 acid dragon scales
 P - a +0 pair of gloves
Jewellery
 m - the cursed ring "Per Aspera Ad Scientiam" (left hand) {Fly, Bglg, Alch}
   (You found it on level 2 of the Dungeon)

   [ring of flight]

   Fly:       It grants you flight.
   It has a curse which improves the following skills: Beguiling: Conjurations,
   Hexes and Translocations.
   Alchemy:   Poison Magic and Transmutations.
 n - a ring of see invisible (right hand)
 r - the cursed amulet "Profound Frustration" (around neck) {Reflect SH+5, Self, Melee}
   (You found it on level 2 of the Dungeon)

   [amulet of reflection]

   It reflects blocked missile attacks.
   SH:        It affects your SH (+5).
   It has a curse which improves the following skills: Introspection: Fighting
   and Spellcasting.
   Melee Combat: Short Blades, Long Blades, Axes, Maces & Flails, Polearms,
   Staves and Unarmed Combat.
 y - the ring "Compyrag" {rPois rF- rN+++ Will- SInv}
   (You acquired it on level 6 of the Dungeon)

   [ring of poison resistance]

   rF:        It makes you vulnerable to fire.
   rPois:     It protects you from poison.
   rN:        It renders you almost immune to negative energy.
   SInv:      It lets you see invisible.
   Will:      It decreases your willpower.
 Q - a ring of ice
 V - a ring of magical power
Wands
 d - a wand of polymorph (15)
 h - a wand of iceblast (8)
 p - a wand of paralysis (21)
 R - a wand of digging (3)
 S - a wand of charming (10)
Scrolls
 e - 2 scrolls of enchant weapon
 f - 4 scrolls of magic mapping
 g - 7 scrolls of enchant armour
 k - 3 scrolls of silence
 t - 2 scrolls of brand weapon
 x - 2 scrolls of amnesia
 F - a scroll of fear
 I - 2 scrolls of blinking
 O - 3 scrolls of teleportation
 U - a scroll of fog
Potions
 c - 4 potions of curing
 l - a potion of invisibility
 q - 2 potions of might
 s - 4 potions of haste
 v - a potion of magic
 w - a potion of cancellation
 B - 3 potions of brilliance
 D - 2 potions of flight
 K - 2 potions of mutation
 L - a potion of lignification


   Skills:
 + Level 10.4(12.1) Fighting
 + Level 10.4(13.1) Short Blades
 + Level 8.1(11.0) Long Blades
 + Level 8.1(11.0) Axes
 + Level 8.1(11.0) Maces & Flails
 + Level 8.1(11.0) Polearms
 + Level 8.1(11.0) Staves
 + Level 8.1(10.0) Slings
 + Level 8.1(10.0) Bows
 + Level 8.1(10.0) Crossbows
 + Level 8.5(10.4) Throwing
 + Level 8.1 Armour
 + Level 8.1(10.0) Dodging
 + Level 10.1(11.8) Stealth
 + Level 8.1 Shields
 + Level 8.1(11.0) Unarmed Combat
 + Level 8.1(10.0) Spellcasting
 + Level 6.7(8.7) Conjurations
 + Level 6.7(8.7) Hexes
 + Level 6.7 Summonings
 + Level 6.7 Necromancy
 + Level 6.7(8.7) Translocations
 + Level 6.7(9.7) Transmutations
 + Level 6.7(9.7) Fire Magic
 + Level 6.7(9.7) Ice Magic
 + Level 6.7(9.7) Air Magic
 + Level 6.7(9.7) Earth Magic
 + Level 6.7(9.7) Poison Magic
 + Level 8.9 Invocations
 + Level 8.1 Evocations


You had 28 spell levels left.
You knew the following spells:

 Your Spells              Type           Power      Damage    Failure   Level
a - Slow                  Hex            22%        N/A       1%          2
b - Blink                 Tloc           N/A        N/A       1%          2

Your spell library contained the following spells:

 Spells                   Type           Power      Damage    Failure   Level
 Apportation              Tloc           44%        N/A       1%          1
 Freeze                   Ice            96%        1d11      1%          1
 Shock                    Conj/Air       92%        1d8       1%          1
 Ensorcelled Hibernation  Hex/Ice        46%        N/A       1%          2
 Confusing Touch          Hex            22%        N/A       1%          3
 Frozen Ramparts          Ice            48%        1d6       1%          3
 Lesser Beckoning         Tloc           11%        N/A       1%          3
 Portal Projectile        Hex/Tloc       44%        N/A       1%          3
 Spider Form              Tmut/Pois      12%        N/A       1%          3
 Swiftness                Air            24%        N/A       1%          3
 Call Canine Familiar     Summ           18%        N/A       3%          3
 Airstrike                Air            12%        N/A       3%          4
 Hailstorm                Conj/Ice       23%        3d7       3%          4
 Leda's Liquefaction      Hex/Erth       11%        N/A       3%          4
 Alistair's Intoxication  Tmut/Pois      16%        N/A       9%          5
 Blade Hands              Tmut           12%        N/A       9%          5
 Animate Dead             Necr           9%         N/A       11%         4
 Yara's Violent Unravell  Hex/Tmut       11%        3d6       11%         5
 Manifold Assault         Tloc           22%        N/A       13%         5
 Borgnjor's Vile Clutch   Necr/Erth      10%        N/A       16%         5
 Excruciating Wounds      Necr           9%         N/A       28%         5
 Invisibility             Hex            11%        N/A       58%         6
 Death Channel            Necr           9%         N/A       85%         6
 Shadow Creatures         Summ           N/A        N/A       85%         6


Dungeon Overview and Level Annotations

Branches:
Dungeon (10/15)            Temple (0/1) D:7            Lair (3/6) D:8
 Shoals (0/4) Lair:3          Orc (0/2) D:9         Ossuary (visited)
  Snake: Lair:2-4    Spider: Lair:2-4

Altars:
Ashenzari
Gozag
Hepliaklqana

Shops:
D:1 (   D:10 :!

Annotations:
D:8 3 runed translucent doors, ddiver's ghost, novice DDBe
Lair:1 exclusion: 4 oklob plants


Innate Abilities, Weirdness & Mutations

You have very sharp teeth.
Your uncanny sense of smell can sniff out nearby items.
Your experience applies equally to all skills.


Message History

You hit the elephant.
The elephant is heavily wounded.
The elephant tramples you!
* * * LOW HITPOINT WARNING * * *
You are shoved backwards!
You puncture the elephant!
You bite the elephant, but do no damage.
The elephant is heavily wounded.
You puncture the elephant!
The elephant is almost dead.
You block the elephant's attack. The elephant trunk-slaps you.
* * * LOW HITPOINT WARNING * * *
The elephant tramples you but does no damage.
The elephant trunk-slaps you.
* * * LOW HITPOINT WARNING * * *
You hit the elephant but do no damage.
The elephant is severely wounded.
The elephant tramples you.
* * * LOW HITPOINT WARNING * * *
You are shoved backwards!
You puncture the elephant!
You kill the elephant!
You hit the elephant.
The elephant is lightly wounded.
You puncture the elephant!
You bite the elephant, but do no damage.
The elephant is lightly wounded.
The elephant tramples you.
* * * LOW HITPOINT WARNING * * *
You are shoved backwards!
You hit the elephant.
You bite the elephant, but do no damage.
The elephant is lightly wounded.
You puncture the elephant!
The elephant is heavily wounded.
You block the elephant's attack. The elephant misses you.
You puncture the elephant!
The elephant is heavily wounded.
The elephant tramples you.
You die...

#......#* ##....#.#
###...#.#.#### *####
.....(.#..#..####.#.##*
* ***# #
###...†...#.†.##.#....*
..P##P# *
#..P(##.............,∆
.......
##..(####)##...##..
#######
##...(#####.....# *
.#....(........Y@# ***
......(#####..#..# #
.......# ####.÷## #
.#P....# #.÷.# #
#####..# ###..# ## ..##
###..÷.#### #. * #...
##.........# ###### ##
##.#
#..#....#..###.PP.####.
..Y
##..................P..


You could see an elephant.

Vanquished Creatures
  Fannar (Lair:1)
  7 death yaks
  A cyclops (D:10)
  9 elephants (Lair:3)
  2 black mambas
  6 cane toads
  4 komodo dragons
  A kobold demonologist (D:9)
  A wyvern (Lair:2)
  44 yaks
  3 steam dragons
  4 basilisks
  2 vampire mosquitoes (D:10)
  3 acid dragons
  3 water moccasins
  2 ice beasts (D:7)
  3 black bears
  5 necrophages
  An ogre (D:7)
  4 orc warriors
  3 wolves (Lair:1)
  3 centaurs
  Blork the orc (D:4)
  7 bullfrogs
  A kobold brigand (D:7)
  6 gnoll sergeants
  A water moccasin zombie (Ossuary)
  2 scorpions
  A water moccasin skeleton (D:6)
  5 wights (D:9)
  9 killer bees (D:10)
  8 howler monkeys
  A vampire bat (Lair:1)
  A bullfrog zombie (D:7)
  2 centaur zombies
  4 orc priests
  10 hounds
  2 jellies
  2 centaur skeletons
  3 gnoll shamans (D:10)
  A bullfrog skeleton (D:7)
  4 iguanas
  6 orc wizards
  A killer bee zombie (D:6)
  A hound zombie (D:5)
  2 mummies (Ossuary)
  2 howler monkey skeletons
  39 gnolls
  13 adders
  3 shadow imps
  2 ufetubi (D:5)
  6 adder zombies (Ossuary)
  An adder skeleton (D:4)
  2 worms
  45 orcs
  5 ball pythons
  An endoplasm (D:2)
  5 giant cockroaches
  4 goblins
  11 hobgoblins
  14 jackals
  7 quokkas
  10 bats
  5 frilled lizards
  4 gnoll zombies (Ossuary)
  6 hobgoblin zombies (Ossuary)
  13 kobolds
  3 kobold zombies (Ossuary)
  4 orc zombies (Ossuary)
  7 rats
405 creatures vanquished.

Vanquished Creatures (others)
  An orc priest (D:6)
  A bush (Lair:3)
  22 fungi
  42 plants
66 creatures vanquished.

Grand Total: 471 creatures vanquished

Notes
Turn   | Place    | Note
-------+----------+-------------------------------------------
     0 | D:1      | ZombieSheep the Gnoll Wanderer began the quest for the Orb.
     0 | D:1      | ZombieSheep set off with the following items: a +2 dagger,
                  | a scroll of fear, a potion of curing, a +0 short sword, a
                  | +0 robe
     0 | D:1      | Reached XP level 1. HP: 23/23 MP: 1/1
   243 | D:1      | Reached XP level 2. HP: 24/29 MP: 2/2
   551 | D:1      | Found Yzyufeof's Weapon Emporium.
   778 | D:1      | Reached XP level 3. HP: 30/35 MP: 3/3
   823 | D:1      | Found a faded altar of an unknown god.
   831 | D:1      | Became a worshipper of Ashenzari the Shackled
  1148 | D:2      | Reached skill level 1 in Invocations
  1346 | D:2      | Identified a scroll of acquirement
  1361 | D:2      | Acquired the +8 rapier of the Final Chapter {vorpal, Str+4}
  1400 | D:2      | Reached skill level 1 in Long Blades
  1400 | D:2      | Reached skill level 1 in Axes
  1400 | D:2      | Reached skill level 1 in Maces & Flails
  1400 | D:2      | Reached skill level 1 in Polearms
  1400 | D:2      | Reached skill level 1 in Staves
  1400 | D:2      | Reached skill level 1 in Slings
  1400 | D:2      | Reached skill level 1 in Bows
  1400 | D:2      | Reached skill level 1 in Crossbows
  1400 | D:2      | Reached skill level 1 in Armour
  1400 | D:2      | Reached skill level 1 in Dodging
  1400 | D:2      | Reached skill level 1 in Shields
  1400 | D:2      | Reached skill level 1 in Unarmed Combat
  1400 | D:2      | Reached skill level 1 in Spellcasting
  1400 | D:2      | Reached skill level 1 in Evocations
  1476 | D:2      | Reached XP level 4. HP: 41/41 MP: 5/5
  1501 | D:2      | Reached * piety under Ashenzari
  1742 | D:2      | Reached skill level 1 in Conjurations
  1742 | D:2      | Reached skill level 1 in Hexes
  1742 | D:2      | Reached skill level 1 in Summonings
  1742 | D:2      | Reached skill level 1 in Necromancy
  1742 | D:2      | Reached skill level 1 in Translocations
  1742 | D:2      | Reached skill level 1 in Transmutations
  1742 | D:2      | Reached skill level 1 in Fire Magic
  1742 | D:2      | Reached skill level 1 in Ice Magic
  1742 | D:2      | Reached skill level 1 in Air Magic
  1742 | D:2      | Reached skill level 1 in Earth Magic
  1742 | D:2      | Reached skill level 1 in Poison Magic
  2156 | D:3      | Reached XP level 5. HP: 33/47 MP: 6/6
  2295 | D:3      | Found a hazy altar of Hepliaklqana.
  2644 | D:3      | Reached ** piety under Ashenzari
  3061 | D:4      | Reached XP level 6. HP: 53/53 MP: 8/8
  3080 | D:4      | Noticed a black bear
  3081 | D:4      | Noticed Blork the orc
  3095 | D:4      | Killed Blork the orc
  3101 | D:4      | Killed a black bear
  3435 | D:4      | Reached XP level 7. HP: 58/59 MP: 10/10
  3889 | D:5      | Entered Level 5 of the Dungeon
  4808 | D:6      | Reached XP level 8. HP: 67/67 MP: 12/12
  4810 | D:6      | Acquired the ring "Compyrag" {rPois rF- rN+++ Will- SInv}
  6066 | D:7      | Found a staircase to the Ecumenical Temple.
  6200 | D:7      | Reached XP level 9. HP: 64/72 MP: 14/14
  6776 | D:7      | Reached skill level 5 in Throwing
  7589 | D:8      | Found a sand-covered staircase.
  7593 | Ossuary  | Entered an ossuary
  7830 | D:8      | Found a staircase to the Lair.
  7836 | D:8      | Reached skill level 5 in Invocations
  7853 | D:8      | Reached XP level 10. HP: 43/80 MP: 17/17
  8206 | D:8      | Found a runed translucent gate.
  8207 | D:8      | Found a runed translucent gate.
  8207 | D:8      | Found a runed translucent gate.
  8224 | D:8      | Found an opulent altar of Gozag.
  8226 | D:8      | Noticed ddiver's ghost (novice DDBe)
  8595 | D:9      | Reached skill level 5 in Long Blades
  8595 | D:9      | Reached skill level 5 in Axes
  8595 | D:9      | Reached skill level 5 in Maces & Flails
  8595 | D:9      | Reached skill level 5 in Polearms
  8595 | D:9      | Reached skill level 5 in Staves
  8595 | D:9      | Reached skill level 5 in Slings
  8595 | D:9      | Reached skill level 5 in Bows
  8595 | D:9      | Reached skill level 5 in Crossbows
  8595 | D:9      | Reached skill level 5 in Armour
  8595 | D:9      | Reached skill level 5 in Dodging
  8595 | D:9      | Reached skill level 5 in Shields
  8595 | D:9      | Reached skill level 5 in Unarmed Combat
  8595 | D:9      | Reached skill level 5 in Spellcasting
  8595 | D:9      | Reached skill level 5 in Evocations
  8800 | D:9      | Found a staircase to the Orcish Mines.
  8845 | D:9      | Noticed a kobold demonologist
  8868 | D:9      | Killed a kobold demonologist
  9600 | D:9      | Identified the +1 robe of Tomorrow {rC- Regen+ Slay+5
                  | Stlth+}
  9719 | D:9      | Learned a level 2 spell: Slow
  9738 | D:9      | Learned a level 2 spell: Blink
  9779 | D:10     | Entered Level 10 of the Dungeon
 10091 | D:10     | Found Toti Jeq's Book Shop.
 10661 | D:10     | Found Adusoc's Distillery.
 10687 | D:10     | Bought 2 potions of heal wounds for 100 gold pieces
 10687 | D:10     | Bought a potion of might for 40 gold pieces
 10708 | D:10     | Noticed a cyclops
 10715 | D:10     | Killed a cyclops
 10716 | D:10     | Reached XP level 11. HP: 32/87 MP: 19/19
 11035 | D:10     | Reached skill level 5 in Conjurations
 11035 | D:10     | Reached skill level 5 in Hexes
 11035 | D:10     | Reached skill level 5 in Summonings
 11035 | D:10     | Reached skill level 5 in Necromancy
 11035 | D:10     | Reached skill level 5 in Translocations
 11035 | D:10     | Reached skill level 5 in Transmutations
 11035 | D:10     | Reached skill level 5 in Fire Magic
 11035 | D:10     | Reached skill level 5 in Ice Magic
 11035 | D:10     | Reached skill level 5 in Air Magic
 11035 | D:10     | Reached skill level 5 in Earth Magic
 11035 | D:10     | Reached skill level 5 in Poison Magic
 11505 | D:10     | HP: 4/89 [gnoll shaman (3)]
 11855 | D:10     | Reached *** piety under Ashenzari
 12002 | Lair:1   | Entered Level 1 of the Lair of Beasts
 12041 | Lair:1   | Noticed an oklob plant
 12041 | Lair:1   | Noticed an oklob plant
 12041 | Lair:1   | Noticed an oklob plant
 12041 | Lair:1   | Noticed an oklob plant
 12041 | Lair:1   | Noticed a seven-headed hydra
 12092 | Lair:1   | Noticed Fannar
 12111 | Lair:1   | Killed Fannar
 13215 | Lair:2   | Noticed a death yak
 13241 | Lair:2   | Noticed a death yak
 13241 | Lair:2   | Noticed a death yak
 13271 | Lair:2   | Killed a death yak
 13566 | Lair:2   | Reached XP level 12. HP: 81/100 MP: 24/24
 13743 | Lair:2   | Killed a death yak
 14009 | Lair:2   | Killed a death yak
 15002 | Lair:3   | Noticed a death yak
 15002 | Lair:3   | Noticed a death yak
 15002 | Lair:3   | Noticed a death yak
 15002 | Lair:3   | Noticed a death yak
 15019 | Lair:2   | Killed a death yak
 15720 | Lair:3   | Found a staircase to the Shoals.
 15956 | Lair:3   | Reached skill level 10 in Fighting
 15956 | Lair:3   | Reached skill level 10 in Short Blades
 16456 | Lair:3   | Killed a death yak
 16462 | Lair:3   | Killed a death yak
 16474 | Lair:3   | Killed a death yak
 16475 | Lair:3   | Reached XP level 13. HP: 71/107 MP: 26/26
 16788 | Lair:3   | Reached skill level 10 in Stealth
 17186 | Lair:3   | HP: 4/108 [elephant (6)]
 17192 | Lair:3   | Slain by an elephant

Illustrated notes

Levels and vault maps discovered:
D:1:      dpeg_arrival_arbitrary_b, layout_loops_ring, serial_shops,
          nicolae_shop_crystal, shapermc_ecumenical_altar_pompeii, minivault_24
D:2:      layout_loops_cross, minmay_fractal_squares_gapless_5
D:3:      layout_basic, mainiacjoe_overflow_paths
D:4:      layout_basic, chequers_jeans, minmay_quantized, uniq_blork_the_orc
D:5:      layout_loops_cross, grunt_ministairs_12
D:6:      layout_basic
D:7:      minmay_angry_zag, layout_loops_ring, minmay_temple_entry_grid
D:8:      layout_cave_pods, lair_entry_dummy, ebering_ghost_gozag,
          nicolae_ossuary_entry_plus, dk_vineyard_2
D:9:      layout_roguey, orc_0_dummy
D:10:     layout_big_octagon, serial_gnoll_camp, gnoll_camp_mini_shop,
          gnoll_camp_huts_basic, gnoll_camp_mini_house, gnoll_camp_mini_basic,
          gnoll_camp_medium_02, gnoll_camp_mini_shop, nzn_life_drinkers
Lair:1:   layout_regular_city, roderic_batcave, minmay_lair_oklob_chamber,
          serial_bayou_shore_a, uniq_fannar
Lair:2:   layout_loops_ring, serial_bayou_lagoon_a,
          chequers_serial_rivers_small_b, grunt_megastairs_4
Lair:3:   gammafunk_mikee_crab_dinner, layout_loops_ring, shoals_dummy_entry,
          roderic_carrion_pond

Skill      XL: |  1  2  3  4  5  6  7  8  9 10 11 12 13 |
---------------+----------------------------------------+-----
Stealth        | 6 7 8 9 10 | 10.1
Invocations    | 1 2 3 4 5 6 7 8 |  8.9
Long Blades    | 1 2 3 4 5 6 7 8 |  8.1
Axes           | 1 2 3 4 5 6 7 8 |  8.1
Maces & Flails | 1 2 3 4 5 6 7 8 |  8.1
Polearms       | 1 2 3 4 5 6 7 8 |  8.1
Staves         | 1 2 3 4 5 6 7 8 |  8.1
Slings         | 1 2 3 4 5 6 7 8 |  8.1
Bows           | 1 2 3 4 5 6 7 8 |  8.1
Crossbows      | 1 2 3 4 5 6 7 8 |  8.1
Armour         | 1 2 3 4 5 6 7 8 |  8.1
Dodging        | 1 2 3 4 5 6 7 8 |  8.1
Shields        | 1 2 3 4 5 6 7 8 |  8.1
Unarmed Combat | 1 2 3 4 5 6 7 8 |  8.1
Spellcasting   | 1 2 3 4 5 6 7 8 |  8.1
Evocations     | 1 2 3 4 5 6 7 8 |  8.1
Conjurations   | 1 2 3 4 5 6 |  6.7
Hexes          | 1 2 3 4 5 6 |  6.7
Summonings     | 1 2 3 4 5 6 |  6.7
Necromancy     | 1 2 3 4 5 6 |  6.7
Translocations | 1 2 3 4 5 6 |  6.7
Transmutations | 1 2 3 4 5 6 |  6.7
Fire Magic     | 1 2 3 4 5 6 |  6.7
Ice Magic      | 1 2 3 4 5 6 |  6.7
Air Magic      | 1 2 3 4 5 6 |  6.7
Earth Magic    | 1 2 3 4 5 6 |  6.7
Poison Magic   | 1 2 3 4 5 6 |  6.7
Throwing       | 3 4 5 6 7 8 |  8.5
Fighting       | 7 8 9 10 | 10.4
Short Blades   | 7 8 9 10 | 10.4

Action                   |  1- 3 |  4- 6 |  7- 9 | 10-12 | 13-15 || total
-------------------------+-------+-------+-------+-------+-------++-------
Melee: Dagger            |    88 |       |       |       |       ||    88
       Bite              |     6 |     4 |    37 |    94 |    29 ||   170
       Rapier            |     4 |    88 |   341 |   717 |    96 ||  1246
       Punch             |       |     1 |     7 |    36 |     9 ||    53
 Fire: Shortbow          |       |       |     4 |    11 |       ||    15
Throw: Throwing net      |       |       |       |     2 |       ||     2
       Javelin           |       |       |       |     8 |     5 ||    13
Invok: Curse Item        |     1 |     2 |     1 |     2 |       ||     6
       Shatter the Chain |       |     1 |       |       |       ||     1
  Use: Scroll            |     1 |       |     1 |     1 |       ||     3
       Potion            |       |       |     3 |     7 |       ||    10
 Stab: Sleeping          |     8 |     8 |     9 |     9 |       ||    34
       Invisible         |       |       |     3 |     2 |       ||     5
       Distracted        |       |       |       |     1 |     1 ||     2
Armor: Robe              |     5 |       |       |       |       ||     5
       Leather armour    |    11 |     6 |       |       |       ||    17
       Scale mail        |       |     2 |     3 |       |       ||     5
       Chain mail        |       |       |    64 |       |       ||    64
       Acid dragon scale |       |       |    46 |   134 |    16 ||   196
Dodge: Dodged            |    36 |    27 |   121 |   332 |    37 ||   553
Block: Other             |       |     6 |    61 |    98 |     9 ||   174
       Reflection        |       |       |     1 |     2 |       ||     3
